 Dungeon Crawl Stone Soup version 0.25.1-1-g288607f5aa (webtiles) character file.

Game seed: 13106565139682409621

1783 Korkiloff the Sneak (level 8, -6/57 HPs)
             Began as a Vampire Air Elementalist on July 22, 2020.
             Mangled by a gnoll
             ... wielding a +0 spear
              (8 damage)
             ... on level 6 of the Dungeon.
             The game lasted 00:35:05 (7264 turns).

Korkiloff the Sneak (Vampire Air Elementalist)      Turns: 7264, Time: 00:35:06

Health: -6/57      AC:  4    Str:  7    XL:     8   Next: 81%
Magic:  15/15      EV: 14    Int: 19    God:
Gold:   345        SH:  0    Dex: 15    Spells: 9/16 levels left

rFire    x . .     SeeInvis +   B - +2 dagger (venom)
rCold    + . .     Gourm    .   (no shield)
rNeg     . . .     Faith    .   a - +0 robe
rPois    .         Spirit   .   (no helmet)
rElec    .         Reflect  .   (no cloak)
rCorr    .         Harm     .   r - +1 pair of gloves
MR       .....                  (no boots)
Stlth    ++++......             (no amulet)
HPRegen  0.39/turn              f - ring of ice
MPRegen  0.14/turn              t - ring of stealth

@: about to teleport, regenerating quickly, lightly drained
A: no food, fangs 3, see invisible, unbreathing
a: Exsanguinate


You were on level 6 of the Dungeon.
You were alive.

You visited 1 branch of the dungeon, and saw 6 of its levels.
You also visited: Ossuary.

You collected 345 gold pieces.

Inventory:

Hand Weapons
 b - a +0 short sword
 e - a +0 club
 i - a +2 dagger of draining
 o - a +0 spear of flaming
 z - a +1 dire flail of protection
 B - a +2 dagger of venom (weapon)
 G - a +0 scythe of protection
 H - a +2 vorpal hand axe
Missiles
 p - 45 poisoned darts (quivered)
 q - 16 sling bullets
 D - 4 boomerangs of dispersal
Armour
 a - a +0 robe (worn)
 r - a +1 pair of gloves (worn)
 A - a +1 chain mail of fire resistance
Magical Staves
 C - an uncursed staff of fire
Jewellery
 f - a ring of ice (left hand)
 t - a ring of stealth (right hand)
Wands
 s - a wand of random effects (17)
Scrolls
 c - 5 scrolls of identify
 h - 3 scrolls of amnesia
 k - 2 scrolls of enchant armour
 l - a scroll of immolation {unknown}
 m - 2 scrolls of remove curse
 y - a scroll of magic mapping {unknown}
 E - a scroll of torment {unknown}
Potions
 d - 3 potions of might
 j - a potion of magic {unknown}
 n - 2 potions of curing
 u - 3 potions of stabbing {unknown}
 v - 2 potions of mutation {unknown}
 w - a potion of haste {unknown}
 x - a potion of resistance {unknown}
 F - a potion of degeneration {unknown}


   Skills:
 + Level 2.6(2.5) Fighting
 + Level 2.3(2.2) Short Blades
 + Level 3.3 Polearms
 + Level 0.2(1.7) Staves
 + Level 2.0(1.9) Throwing
 + Level 4.4(4.3) Dodging
 + Level 6.9(6.8) Stealth
 + Level 4.9(4.8) Spellcasting
 + Level 2.6 Conjurations
 + Level 0.1(0.0) Charms
 + Level 1.2(1.1) Translocations
 + Level 5.0(4.9) Air Magic
 + Level 0.1(0.0) Evocations


You had 9 spell levels left.
You knew the following spells:

 Your Spells              Type           Power        Failure   Level  Hunger
a - Shock                 Conj/Air       ###.         2%          1    N/A
b - Swiftness             Chrm/Air       ##......     7%          2    N/A
c - Static Discharge      Conj/Air       ###.....     9%          3    N/A
d - Apportation           Tloc           #.....       8%          1    N/A

Your spell library contained the following spells:

 Spells                   Type           Power        Failure   Level  Hunger
 Animate Skeleton         Necr           N/A          13%         1    N/A
 Corona                   Hex            #......      13%         1    N/A
 Summon Small Mammal      Summ           #...         13%         1    N/A
 Airstrike                Air            ###.......   17%         4    N/A
 Lightning Bolt           Conj/Air       ###.......   58%         5    N/A

Dungeon Overview and Level Annotations

Branches:
Dungeon (6/15)             Temple (0/1) D:6         Ossuary (visited)

Altars:
Makhleb
Okawaru
Xom
The Shining One

Annotations:
D:6 Pikel


Innate Abilities, Weirdness & Mutations

You do not eat.
Your natural rate of healing is unusually fast.
You have razor-sharp teeth.
You have supernaturally acute eyesight. (SInv)
You can survive without breathing.


Message History

Pikel burns you. The slave barely misses you.
The slave hits you but does no damage. The gnoll misses you.
You barely miss Pikel.
Pikel is lightly wounded.
The slave closely misses you. The slave hits you.
Pikel hits you with a +2 whip of flaming!
Pikel burns you. The gnoll misses you. The slave completely misses you.
The slave barely misses you.
The gnoll hits you from afar with a +0 spear!
* * * LOW HITPOINT WARNING * * *
As you read the scroll labeled DEGIAGU XOYNOA, it crumbles to dust.
You feel strangely unstable.
It was a scroll of teleportation.
The slave barely misses you. x2
Pikel hits you with a +2 whip of flaming!
* * * LOW HITPOINT WARNING * * *
Pikel burns you.
* * * LOW HITPOINT WARNING * * *
The slave barely misses you. The gnoll barely misses you. The slave misses you.
The gnoll hits you from afar with a +0 spear!
You die...

######..........# ..
####...............#
.......................
...####...............#
......#...............#
..........##..........#
....gg....#####....###
......gp..# #....#
##.###g@p.# #....#####
#ppK.# #......)).
#.Z..# #.......†.
#....#####....#####
..$.......#.#.#
.#%...####.#.#.#
......# #.#.#.. .. .
.....# #.#.#######
#.#.......#


You could see Pikel (very poisoned), 4 slaves, 4 gnolls and a jackal skeleton.

Vanquished Creatures
  Prince Ribbit (D:5)
  Sigmund (D:6)
  Edmund (D:4)
  Menkaure (D:4)
  An ogre (D:4)
  A centaur (D:5)
  A bullfrog (D:6)
  4 wights (D:6)
  3 jellies (D:3)
  A crimson imp (D:5)
  4 orc wizards
  Terence (D:2)
  2 iguanas
  2 worker ants (D:5)
  4 mummies (Ossuary)
  15 gnolls
  9 adders
  10 oozes
  3 worms
  A leopard gecko (D:2)
  17 orcs
  A ball python (D:4)
  3 giant cockroaches
  10 goblins
  3 hobgoblins
  13 kobolds
  A quokka (D:2)
  4 bats
  3 frilled lizards
  6 gnoll skeletons (Ossuary)
  5 gnoll zombies (Ossuary)
  4 goblin skeletons (Ossuary)
  A goblin zombie (Ossuary)
  4 hobgoblin skeletons (Ossuary)
  6 hobgoblin zombies (Ossuary)
  4 kobold skeletons (Ossuary)
  4 kobold zombies (Ossuary)
  An orc skeleton (Ossuary)
  6 orc zombies (Ossuary)
  A quokka skeleton (D:4)
  7 rats
  3 rat skeletons (Ossuary)
  2 rat zombies (Ossuary)
  A fungus (D:3)
176 creatures vanquished.

Vanquished Creatures (others)
  A giant cockroach (D:3)
  2 goblin skeletons (Ossuary)
  A kobold skeleton (Ossuary)
  An orc zombie (Ossuary)
  A fungus (D:3)
  10 toadstools (D:3)
16 creatures vanquished.

Grand Total: 192 creatures vanquished

Notes
Turn   | Place    | Note
-------+----------+-------------------------------------------
     0 | D:1      | Korkiloff the Vampire Air Elementalist began the quest for
                  | the Orb.
     0 | D:1      | Reached XP level 1. HP: 13/13 MP: 3/3
   803 | D:1      | Reached XP level 2. HP: 19/19 MP: 5/5
  1155 | D:1      | Reached XP level 3. HP: 11/24 MP: 0/6
  1404 | D:2      | HP: 1/24 [gnoll/+0 spear (5)]
  1405 | D:2      | Reached skill level 1 in Conjurations
  1707 | D:2      | Reached XP level 4. HP: 23/30 MP: 1/7
  1808 | D:2      | Noticed Terence
  1834 | D:2      | Killed Terence
  1834 | D:2      | Reached skill level 1 in Short Blades
  1854 | D:2      | Reached XP level 5. HP: 30/36 MP: 9/9
  1859 | D:2      | Learned a level 2 spell: Swiftness
  1863 | D:2      | Learned a level 3 spell: Static Discharge
  2441 | D:3      | Reached skill level 1 in Fighting
  2731 | D:3      | Reached skill level 4 in Stealth
  2772 | D:3      | Reached XP level 6. HP: 21/43 MP: 7/10
  2807 | D:3      | HP: 2/43 [acid (9)]
  3413 | D:3      | Found a glowing golden altar of the Shining One.
  3509 | D:3      | Reached skill level 1 in Polearms
  4059 | D:4      | Found a sand-covered staircase.
  4065 | D:4      | Noticed Menkaure
  4074 | D:4      | Killed Menkaure
  4074 | D:4      | Reached XP level 7. HP: 22/48 MP: 4/12
  4085 | D:4      | Noticed Edmund
  4087 | Ossuary  | Entered an ossuary
  4811 | D:4      | Killed Edmund
  5013 | D:4      | Reached skill level 5 in Stealth
  5697 | D:4      | Found an iron altar of Okawaru.
  5760 | D:5      | Entered Level 5 of the Dungeon
  5828 | D:5      | Found a shimmering altar of Xom.
  5942 | D:5      | Reached skill level 1 in Throwing
  5987 | D:5      | Noticed Prince Ribbit
  6007 | D:5      | Killed Prince Ribbit
  6007 | D:5      | Reached XP level 8. HP: 19/56 MP: 1/14
  6264 | D:5      | Found a burning altar of Makhleb.
  6291 | D:5      | Reached skill level 6 in Stealth
  6366 | D:5      | Learned a level 1 spell: Apportation
  7067 | D:6      | Noticed Sigmund
  7081 | D:6      | Killed Sigmund
  7195 | D:6      | Found a staircase to the Ecumenical Temple.
  7215 | D:6      | Reached skill level 1 in Translocations
  7216 | D:6      | Reached skill level 5 in Air Magic
  7255 | D:6      | Noticed Pikel
  7264 | D:6      | HP: 2/57 [Pikel/+2 whip of flaming (3)]
  7264 | D:6      | Mangled by a gnoll

Illustrated notes

Levels and vault maps discovered:
D:1:      zaba_arrival_water, layout_basic
D:2:      layout_basic, first_ration, minmay_quadrilaterals, uniq_terence
D:3:      cheibrodos_fertilizer, layout_loops_ring, tso_metal_star,
          lemuel_flame_loot_1
D:4:      layout_layer_cave, lemuel_coloured_pillars_altar, enter_ossuary_1,
          roderic_lattice_a, uniq_menkaure, uniq_edmund
D:5:      layout_loops_corners, bloody_makhleb, lemuel_statue_altar,
          uniq_prince_ribbit1
D:6:      layout_basic, temple_fountains, uniq_pikel, uniq_sigmund

Skill      XL: |  1  2  3  4  5  6  7  8 |
---------------+-------------------------+-----
Conjurations   | 1 2 |  2.6
Short Blades   | 1 2 |  2.3
Fighting       | 1 2 |  2.6
Air Magic      | 4 5 |  5.0
Dodging        | 3 4 |  4.4
Stealth        | 4 5 6 |  6.9
Spellcasting   | 3 4 |  4.9
Polearms       | 1 3 |  3.3
Throwing       | 1 2 |  2.0
Translocations | 1 |  1.2
Staves         | |  0.2
Charms         | |  0.1
Evocations     | |  0.1

Action                   |  1- 3 |  4- 6 |  7- 9 || total
-------------------------+-------+-------+-------++-------
Melee: Short sword       |    15 |    27 |       ||    42
       Bite              |     1 |    14 |    20 ||    35
       Dagger            |       |    12 |    50 ||    62
       Spear             |       |   122 |   169 ||   291
       Staff             |       |       |    10 ||    10
Throw: Boomerang         |       |       |    27 ||    27
       Dart              |       |       |    18 ||    18
 Cast: Shock             |    41 |    68 |    61 ||   170
       Static Discharge  |       |     2 |     7 ||     9
       Apportation       |       |       |     9 ||     9
Evoke: Wand              |       |     3 |       ||     3
  Use: Potion            |       |     3 |     3 ||     6
       Scroll            |       |     6 |     2 ||     8
 Stab: Sleeping          |     2 |    10 |     9 ||    21
       Distracted        |       |     2 |     2 ||     4
Armor: Robe              |     6 |    15 |    15 ||    36
Dodge: Dodged            |    33 |    97 |   115 ||   245
